AoeStats
← ThE_JoKeR

Arena

509711645Analyzed
4v4 RM · 5d ago on Sep 27, 2026· 48m 35s· 8 players
Game mode
Random Map
Map size
Large (8 player)
Population
200
Speed
Normal
Resources
Standard
Victory
Conquest
Starting age
Dark Age
Ending age
Imperial Age
RankedLock teamsTeams togetherTeam positionsShared explorationLock speedFull tech treeHidden civsTurbo modeCheats
Victory
Defeat
🇧🇷 Huns · Brazil
1035
+12
🇧🇷 Mongols · Brazil
973
+14
🇩🇪 Malay · Germany
930
+16
🇧🇷 Khmer · Brazil
846
+19
🇳🇱 Danes · Netherlands
967
-17
🇫🇷 Persians · France
927
-15
🇹🇷 Wu · Türkiye
926
-15
🇳🇱 Bohemians · Netherlands
897
-14
M1rc0ss_
15:22 Feudal Age
20:03 Castle Age
19:52 Double-Bit Axe
19:49 Horse Collar
20:02 Gold Mining
20:03 Stone Mining
21:38 Bow Saw
22:07 Gold Shaft Mining
23:32 Loom
26:09 Husbandry
26:20 Bloodlines
26:33 Bloodlines
26:05 Light Cavalry
28:23 Wheelbarrow
29:17 Marauders
30:27 Hand Cart
34:24 Imperial Age
33:07 Forging
33:03 Scale Barding Armor
34:37 Iron Casting
34:13 Heavy Plow
34:59 Chain Barding Armor
34:48 Elite Tarkan
37:29 Blast Furnace
38:09 Plate Barding Armor
Cara do Tapinha
10:51 Feudal Age
15:18 Castle Age
13:06 Loom
13:43 Double-Bit Axe
24:10 Bow Saw
24:49 Gold Mining
26:02 Fletching
26:12 Padded Archer Armor
26:39 Ballistics
28:49 Leather Archer Armor
30:16 Gold Shaft Mining
34:02 Bloodlines
33:53 Husbandry
37:36 Imperial Age
38:26 Wheelbarrow
38:10 Elite Mangudai
41:39 Chemistry
42:44 Bodkin Arrow
45:41 Bracer
47:19 Horse Collar
47:33 Stone Mining
ThE_JoKeR
10:29 Feudal Age
15:56 Castle Age
15:33 Loom
20:20 Double-Bit Axe
26:46 Bow Saw
26:19 Horse Collar
28:50 Heavy Plow
45:25 Forging
45:55 Thumb Ring
45:11 Elite Skirmisher
MylordSoares
12:45 Feudal Age
13:58 Horse Collar
18:14 Castle Age
17:56 Double-Bit Axe
27:41 Gold Mining
29:18 Bow Saw
29:42 Heavy Plow
37:54 Imperial Age
36:15 Stone Mining
39:15 Capped Ram
45:58 Light Cavalry
46:49 Bloodlines
46:39 Husbandry
PrinsVederlicht
10:33 Feudal Age
11:58 Loom
15:27 Castle Age
13:49 Double-Bit Axe
14:15 Horse Collar
16:31 Bow Saw
21:04 Gold Mining
24:33 Fletching
26:27 Wheelbarrow
30:14 Imperial Age
30:27 Thumb Ring
30:23 Bodkin Arrow
31:29 Ballistics
30:36 Capped Ram
32:25 Pikeman
32:56 Gambesons
35:20 Bracer
35:01 Halberdier
38:32 Heavy Plow
39:10 Gold Shaft Mining
38:25 Stone Mining
41:16 Scale Mail Armor
41:27 Forging
41:43 Conscription
40:46 Northmen's Fury
QuickSilver
0:33 Loom
10:20 Feudal Age
17:53 Castle Age
16:42 Double-Bit Axe
16:38 Horse Collar
18:30 Fletching
18:32 Loom
20:01 Bodkin Arrow
26:36 Wheelbarrow
25:46 Town Watch
30:59 Imperial Age
29:26 Hand Cart
29:51 Pikeman
30:33 Squires
30:24 Arson
31:13 Ballistics
30:49 Murder Holes
31:53 Halberdier
36:45 Forging
36:36 Scale Mail Armor
WyZeR
0:26 Loom
12:07 Feudal Age
17:41 Castle Age
15:54 Stone Mining
15:48 Horse Collar
16:00 Double-Bit Axe
16:54 Gold Mining
19:14 Bow Saw
19:07 Heavy Plow
19:47 Wheelbarrow
24:03 Hand Cart
23:36 Town Watch
27:30 Gold Shaft Mining
27:34 Stone Shaft Mining
30:53 Imperial Age
29:11 Fletching
29:32 Forging
29:23 Scale Mail Armor
33:11 Citadels
33:22 Elite War Elephant
34:15 Bodkin Arrow
34:56 Iron Casting
34:37 Chain Mail Armor
doktoryigitck
4:49 Loom
12:05 Feudal Age
17:55 Castle Age
16:09 Stone Mining
16:21 Double-Bit Axe
16:58 Horse Collar
17:46 Town Watch
26:25 Wheelbarrow
26:04 Fervor
27:22 Bow Saw
30:00 Hand Cart
30:35 Scale Mail Armor
32:04 Gold Mining
35:11 Imperial Age
33:10 Pikeman
34:37 Forging
35:00 Squires
34:45 Arson
34:45 Arson
35:48 Heated Shot
37:17 Padded Archer Armor
37:01 Treadmill Crane
38:00 Town Patrol
38:30 Fletching
38:56 Chain Mail Armor
38:34 Guard Tower
40:14 Conscription
39:55 Sitting Tiger
40:00 Husbandry
40:23 Halberdier
41:30 Man-at-Arms
42:04 Light Cavalry
42:04 Light Cavalry
44:03 Scale Barding Armor
44:35 Keep
44:12 Masonry
44:52 Herbal Medicine
45:26 Bloodlines
46:32 Heavy Hei Guang Cavalry
48:38 Conscription
48:18 Red Cliffs Tactics
49:13 Theocracy
Connection lost

Rejoining the realm…

Still unreachable

The connection could not be restored.

Session expired

The server has moved on; the page needs a fresh start.